 Dungeon Sprint DCSS version 0.17-a0-1450-g7e755d1 (webtiles) character file.

2166 pulse the Fighter (level 9, 0/82 HPs)
             Began as a Formicid Fighter on June 30, 2015.
             Was a High Priest of Trog.
             Slain by a boulder beetle (31 damage)
             ... in the Dungeon (Sprint IX: "|||||||||||||||||||||||||||||").
             The game lasted 00:03:26 (946 turns).

pulse the Fighter (Formicid Fighter)                 Turns: 946, Time: 00:03:27

Health: 0/82       AC: 18    Str: 28    XL:     9   Next: 57%
Magic:  11/11      EV: 13    Int: 12    God:    Trog [*****.]
Gold:   0          SH:  0    Dex:  7    Spells: 0 memorised, 8 levels left

rFire  . . .     SeeInvis +     t - +4 war axe (flame)
rCold  + . .     Clarity  .     q - +2 ring mail
rNeg   + + .     SustAt   .     (no shield)
rPois  .         Gourm    .     (helmet unavailable)
rElec  +         Spirit   .     (no cloak)
rCorr  .         Warding  .     p - +2 pair of gloves
rMut   .         Stasis   +     o - +2 pair of boots
MR     .....                    (no amulet)
Stlth  +.........               l - ring "Qulolif" {rElec rC+ rN++ Int+3 Dex-3}
                                r - +2 ring of protection

@: mighty, not resistant to hostile enchantments, very unstealthy
A: permanent stasis, dig shafts and tunnels, four strong arms, antennae 3
a: Dig, Burn Spellbooks, Trog's Hand, Brothers in Arms, Renounce Religion


You were in the Dungeon.
You worshipped Trog.
Trog was extremely pleased with you.
You were hungry.

You visited 1 branch

Inventory:

Hand weapons
 t - a +4 war axe of flaming (weapon)
Armour
 b - a +0 scale mail
 c - a +0 shield
 o - a +2 pair of boots (worn)
 p - a +2 pair of gloves (worn)
 q - a +2 ring mail (worn)
Jewellery
 l - the ring "Qulolif" (right hand) {rElec rC+ rN++ Int+3 Dex-3}
   (You found it in the Dungeon)

   [ring of intelligence]

   It affects your intelligence (+3).
   It affects your dexterity (-3).
   It protects you from cold.
   It insulates you from electricity.
   It greatly protects you from negative energy.
 r - a +2 ring of protection (left hand)
 s - a +2 ring of evasion
Magical devices
 n - a wand of draining (3)
Scrolls
 k - 2 scrolls of blinking
 m - 4 scrolls of remove curse
 v - a scroll of fog
 w - a scroll of recharging
 x - a scroll of enchant weapon
Potions
 a - 3 potions of agility
 d - a potion of might
 f - 6 potions of curing
 h - a potion of haste
 i - 4 potions of magic
 j - a potion of berserk rage
Comestibles
 e - a bread ration


   Skills:
 + Level 12.0 Fighting
 + Level 9.6 Axes
 + Level 11.6 Armour
 + Level 8.9 Dodging
 + Level 3.9 Stealth
 - Level 4.3 Shields
 + Level 3.4 Evocations


You had 8 spell levels left.
You didn't know any spells.

Dungeon Overview and Level Annotations

Branches:
Dungeon (1/1)

Altars:
Cheibriados
Dithmenos
Elyvilon
Fedhas
Gozag
Kikubaaqudgha
Makhleb
Nemelex Xobeh
Okawaru
Qazlal
Ru
Sif Muna
Trog
Vehumet
Xom
Yredelemnul
Zin
The Shining One
Beogh
Jiyva
Lugonu


Innate Abilities, Weirdness & Mutations

You are under a permanent stasis effect.
You can dig through walls and to a lower floor.
Your four strong arms can wield two-handed weapons with a shield.
You have a pair of large antennae on your head (SInv).


Message History

You kill the scorpion!
Trog accepts your kill.
This wand has 3 charges left.
The boulder beetle closely misses you.
You hit the boulder beetle but do no damage.
The boulder beetle is heavily wounded.
The boulder beetle bites you but does no damage.
Unknown command.
You slash the boulder beetle! You burn the boulder beetle.
The boulder beetle is heavily wounded.
Unknown command.
Drink which item? (? for menu, Esc to quit)
You feel very mighty all of a sudden.
The boulder beetle bites you but does no damage.
Unknown command.
You slash the boulder beetle! You burn the boulder beetle.
The boulder beetle is severely wounded.
You slash the boulder beetle! You burn the boulder beetle.
The boulder beetle is almost dead.
The boulder beetle bites you!!
You die... {{{{{{{{{{{{{ {{{{{{{{{{{{

{ { ▓▓▓▓▓▓▓▓▓▓▓▓▓▓▓▓▓▓▓▓▓▓▓
............'†..@B†...+{{{{{{{{{
▓▓▓▓▓▓▓▓▓▓▓▓▓▓▓▓▓▓▓▓▓▓▓▓▓▓▓▓▓▓▓▓▓
.................................
▓▓▓▓▓▓▓▓▓▓▓▓▓▓▓▓▓▓▓▓▓▓▓▓▓▓▓▓▓▓▓▓▓
.)'(....'_____________________'.?
▓▓▓▓▓▓▓▓▓▓▓▓▓▓▓▓▓▓▓▓▓▓▓▓▓▓▓▓▓▓▓▓▓


You could see a boulder beetle.

Vanquished Creatures
  A centaur warrior (D)
  A hydra (D)
  A spiny frog (D)
  A wraith (D)
  2 porcupines (D)
  A centaur (D)
  A giant frog (D)
  A scorpion (D)
  A killer bee (D)
  A hound (D)
  2 worker ants (D)
  An iguana (D)
  2 river rats (D)
  A shadow imp (D)
  A giant gecko (D)
  3 orcs (D)
  A goblin (D)
  A hobgoblin (D)
  2 giant cockroaches (D)
  2 giant newts (D)
  A kobold (D)
  A rat (D)
29 creatures vanquished.

Vanquished Creatures (others)
  A giant frog (D)
1 creature vanquished.

Grand Total: 30 creatures vanquished

Notes
Turn   | Place    | Note
--------------------------------------------------------------
     0 | D        | pulse the Formicid Fighter began the quest for the Orb.
     0 | D        | Reached XP level 1. HP: 18/18 MP: 1/1
    13 | D        | Reached skill level 4 in Shields
   147 | D        | Noticed a hound
   152 | D        | Reached XP level 2. HP: 22/25 MP: 2/2
   156 | D        | Killed a hound
   156 | D        | Reached skill level 5 in Fighting
   156 | D        | Reached skill level 5 in Armour
   156 | D        | Reached XP level 3. HP: 24/33 MP: 3/3
   277 | D        | Found a glowing silver altar of Zin.
   277 | D        | Found a glowing golden altar of the Shining One.
   277 | D        | Found an ancient bone altar of Kikubaaqudgha.
   277 | D        | Found a basalt altar of Yredelemnul.
   277 | D        | Found a shimmering altar of Xom.
   277 | D        | Found a radiant altar of Vehumet.
   278 | D        | Found an iron altar of Okawaru.
   279 | D        | Found a burning altar of Makhleb.
   280 | D        | Found a deep blue altar of Sif Muna.
   281 | D        | Found a bloodstained altar of Trog.
   282 | D        | Found a sparkling altar of Nemelex Xobeh.
   283 | D        | Found a white marble altar of Elyvilon.
   284 | D        | Found a roughly hewn altar of Beogh.
   285 | D        | Found a viscous altar of Jiyva.
   286 | D        | Found a corrupted altar of Lugonu.
   287 | D        | Found a blossoming altar of Fedhas.
   288 | D        | Found a snail-covered altar of Cheibriados.
   289 | D        | Became a worshipper of Trog the Wrathful
   290 | D        | Found a shadowy altar of Dithmenos.
   291 | D        | Found a stormy altar of Qazlal.
   292 | D        | Found an opulent altar of Gozag.
   293 | D        | Found a sacrificial altar of Ru.
   355 | D        | Noticed a worker ant
   355 | D        | Noticed a wraith
   355 | D        | Noticed a killer bee
   356 | D        | Killed a worker ant
   356 | D        | Reached skill level 6 in Fighting
   356 | D        | Reached skill level 1 in Dodging
   356 | D        | Reached XP level 4. HP: 38/40 MP: 4/4
   366 | D        | Killed a wraith
   366 | D        | Reached skill level 8 in Fighting
   366 | D        | Reached skill level 5 in Axes
   366 | D        | Reached skill level 1 in Evocations
   366 | D        | Reached XP level 5. HP: 41/49 MP: 5/5
   366 | D        | Reached XP level 6. HP: 46/56 MP: 6/6
   367 | D        | Acquired Trog's first power
   384 | D        | Killed a killer bee
   574 | D        | Noticed a worker ant
   574 | D        | Noticed a centaur
   574 | D        | Noticed a giant frog
   574 | D        | Noticed an eight-headed hydra
   574 | D        | Noticed a centaur warrior
   576 | D        | Killed a worker ant
   576 | D        | Acquired Trog's second power
   576 | D        | Killed a centaur
   576 | D        | Reached skill level 9 in Fighting
   587 | D        | Killed a four-headed hydra
   587 | D        | Reached skill level 10 in Fighting
   587 | D        | Reached skill level 10 in Armour
   587 | D        | Reached XP level 7. HP: 43/67 MP: 8/8
   587 | D        | Reached XP level 8. HP: 47/74 MP: 9/9
   587 | D        | Killed a giant frog
   594 | D        | Killed a centaur warrior
   594 | D        | Reached skill level 11 in Fighting
   594 | D        | Reached XP level 9. HP: 38/81 MP: 9/11
   885 | D        | Got the ring "Qulolif" {rElec rC+ rN++ Int+3 Dex-3}
   905 | D        | Noticed a spiny frog
   905 | D        | Noticed a giant frog
   905 | D        | Noticed an iguana
   905 | D        | Noticed a porcupine
   906 | D        | Noticed a porcupine
   914 | D        | Killed a spiny frog
   916 | D        | Killed a giant frog
   916 | D        | Acquired Trog's third power
   918 | D        | Killed an iguana
   921 | D        | Killed a porcupine
   921 | D        | Reached skill level 12 in Fighting
   922 | D        | Killed a porcupine
   924 | D        | Noticed a boulder beetle
   925 | D        | Noticed a scorpion
   931 | D        | HP: 1/82 [boulder beetle (28)]
   941 | D        | Killed a scorpion
   946 | D        | Slain by a boulder beetle

Vault maps used:
D:        linesprint

Action                   |  1- 3 |  4- 6 |  7- 9 || total
-------------------------+-------+-------+-------++-------
Melee: War axe           |    33 |    33 |    37 ||   103
Evoke: Wand              |       |     3 |     1 ||     4
  Use: Potion            |       |     4 |     4 ||     8
       Scroll            |       |       |     5 ||     5
 Stab: Invisible         |       |     1 |       ||     1
